 Dungeon Crawl Stone Soup version 0.31.0-11-ge490571c62 (webtiles) character file.

Game seed: 1737984530129954305

11561 Ashen the Covert (level 11, -4/83 HPs)
             Began as a Gnoll Enchanter on Feb 7, 2024.
             Was a Believer of Uskayaw.
             Slain by an elephant (7 damage)
             ... on level 2 of the Lair of Beasts.
             The game lasted 00:29:20 (11223 turns).

Ashen the Covert (Gnoll Enchanter)                 Turns: 11223, Time: 00:29:20

Health: -4/83      AC: 11    Str:  8    XL:     11   Next: 79%
Magic:  8/23       EV: 15    Int: 15    God:    Uskayaw [**....]
Gold:   708        SH:  8    Dex: 16    Spells: 16/27 levels left

rFire   . . .        H - +3 dagger
rCold   . . .        L - +2 buckler
rNeg    . . .        l - +2 leather armour {Will+}
rPois   .            m - +1 helmet
rElec   .            q - +0 cloak
rCorr   .            b - +1 pair of gloves
SInv    .            (no boots)
Will    +....        i - amulet of the acrobat
Stlth   ++++         (no ring)
HPRegen 0.33/turn    (no ring)
MPRegen 0.18/turn

%: acrobat
@: invisible
A: fangs 1, strong nose, distributed training
a: Renounce Religion, Stomp, Line Pass


You were on level 2 of the Lair of Beasts.
You worshipped Uskayaw.
Uskayaw was noncommittal.
You visited 3 branches of the dungeon, and saw 13 of its levels.

You collected 708 gold pieces.

Inventory:

Hand Weapons
 a - a +4 vampiric trident
 H - a +3 dagger (weapon)
 N - a +0 battleaxe of electrocution
Missiles
 u - 15 poisoned darts (quivered)
 w - 3 throwing nets
 B - 3 darts of dispersal
Armour
 b - a +1 pair of gloves (worn)
 l - a +2 leather armour of willpower (worn)
 m - a +1 helmet (worn)
 q - a +0 cloak (worn)
 L - a +2 buckler (worn)
Jewellery
 i - an amulet of the acrobat (around neck)
 p - a ring of wizardry
 J - an amulet of guardian spirit
Wands
 y - a wand of mindburst (6)
 A - a wand of polymorph (8)
 D - a wand of charming (11)
 K - a wand of roots (23)
 P - a wand of flame (9)
Scrolls
 d - 20 scrolls of identify {unknown}
 e - a scroll of enchant armour {unknown}
 f - 5 scrolls of vulnerability {unknown}
 h - 3 scrolls of teleportation {unknown}
 o - a scroll of fear {unknown}
 r - 2 scrolls of poison {unknown}
 t - a scroll of blinking {unknown}
 x - 3 scrolls of immolation {unknown}
 M - a scroll of amnesia {unknown}
 O - 2 scrolls of revelation {unknown}
Potions
 c - 2 potions of invisibility
 g - 2 potions of might {unknown}
 j - a potion of resistance {unknown}
 k - 2 potions of berserk rage {unknown}
 n - 4 potions of mutation {unknown}
 s - 5 potions of curing {unknown}
 v - a potion of heal wounds {unknown}
 z - a potion of lignification {unknown}
 C - a potion of cancellation {unknown}
 E - 3 potions of magic {unknown}
 F - 5 potions of brilliance {unknown}
 G - 2 potions of haste {unknown}
 I - a potion of enlightenment {unknown}


   Skills:
 + Level 6.9 Fighting
 + Level 7.4 Short Blades
 + Level 6.9 Long Blades
 + Level 6.9 Axes
 + Level 6.9 Maces & Flails
 + Level 6.9 Polearms
 + Level 6.9 Staves
 + Level 6.9 Ranged Weapons
 + Level 6.9 Throwing
 + Level 6.9 Armour
 + Level 8.3 Dodging
 + Level 9.2 Stealth
 + Level 6.9 Shields
 + Level 6.9 Unarmed Combat
 + Level 8.6 Spellcasting
 + Level 5.7 Conjurations
 + Level 8.0 Hexes
 + Level 5.7 Summonings
 + Level 5.7 Necromancy
 + Level 5.7 Translocations
 + Level 5.7 Fire Magic
 + Level 5.7 Ice Magic
 + Level 5.7 Air Magic
 + Level 5.7 Earth Magic
 + Level 5.7 Alchemy
 + Level 7.5 Invocations
 + Level 6.9 Evocations
 + Level 6.2 Shapeshifting


You had 16 spell levels left.
You knew the following spells:

 Your Spells              Type           Power      Damage    Failure   Level
a - Ensorcelled Hibernat  Hex/Ice        54%        N/A       1%          2
b - Confusing Touch       Hex            30%        N/A       2%          3
c - Tukima's Dance        Hex            30%        N/A       2%          3
d - Dazzling Flash        Conj/Hex       54%        N/A       4%          3

Your spell library contained the following spells:

 Spells                   Type           Power      Damage    Failure   Level
 Kiss of Death            Conj/Necr      92%        2d12      2%          1
 Summon Small Mammal      Summ           92%        N/A       2%          1
 Lesser Beckoning         Tloc           46%        N/A       3%          2
 Call Canine Familiar     Summ           23%        N/A       6%          3
 Gell's Gravitas          Tloc           23%        N/A       6%          3
 Teleport Other           Tloc           23%        N/A       6%          3
 Dispel Undead            Necr           23%        3d12      22%         4
 Summon Blazeheart Golem  Fire/Summ      23%        N/A       22%         4
 Vhi's Electric Charge    Tloc/Air       46%        N/A       22%         4
 Arcjolt                  Conj/Air       11%        1d21      52%         5
 Plasma Beam              Fire/Air       11%        2x1d22    97%         6


Dungeon Overview and Level Annotations

Branches:
Dungeon (10/15)            Temple (1/1) D:5            Lair (2/5) D:8
    Orc (0/2) D:10
  Swamp: Lair:2-3    Shoals: Lair:2-3     Snake: Lair:2-3    Spider: Lair:2-3

Altars:
Ashenzari
Cheibriados
Dithmenos
Elyvilon
Fedhas
Gozag
Hepliaklqana
Kikubaaqudgha
Makhleb
Nemelex Xobeh
Okawaru
Qazlal
Ru
Sif Muna
Trog
Uskayaw
Vehumet
Wu Jian
Xom
Yredelemnul
Zin
The Shining One


Innate Abilities, Weirdness & Mutations

You have very sharp teeth.
Your uncanny sense of smell can sniff out nearby items.
Your experience applies equally to all skills.


Message History

The elephant is almost dead.
The elephant tramples you but does no damage.
The elephant trunk-slaps you but does no damage.
The elephant tramples you!
You hold your ground!
You block the elephant's attack.
You hit the elephant.
You bite the elephant, but do no damage.
The elephant is almost dead.
The elephant tramples you.
You hold your ground!
The elephant trunk-slaps you. You block the elephant's attack.
The elephant misses you.
You hit the elephant.
The elephant is almost dead.
You can now pass through a line of other dancers.
You hit the elephant but do no damage.
The elephant is almost dead.
The elephant completely misses you. The elephant closely misses you.
You block the elephant's attack. The elephant completely misses you.
You fade into invisibility!
You hear the loud beating of a very distant drum.
The elephant closely misses you. The elephant barely misses you.
You block the elephant's attack. The elephant misses you. x2
The elephant trunk-slaps you but does no damage.
You hit the elephant.
You kill the elephant!
The elephant misses you. The elephant barely misses you.
The elephant trumpets!
You hit the elephant but do no damage.
You bite the elephant, but do no damage.
You hit the elephant but do no damage. The elephant tramples you!
You hold your ground!
You block the elephant's attack. The elephant tramples you!
* * * LOW HITPOINT WARNING * * *
You hold your ground!
The elephant misses you.
You hit the elephant but do no damage. The elephant tramples you!
* * * LOW HITPOINT WARNING * * *
You hold your ground!
You block the elephant's attack. x2
The elephant closely misses you.
You hit the elephant but do no damage. You hit the elephant but do no damage.
The elephant tramples you!
You die...

#....♣ #...♣
#..♣ #..♣
###..♣ #....♣
##...♣ ∆
##Y..♣
##@Y..♣ ∆
##P†...♣
#......♣ ∆∆
#......♣ ∆∆
##.P...♣ ∆ ∆
#....†.♣♣
##.......♣♣
##....#....♣
#....##....♣♣


You could see 2 elephants.

Vanquished Creatures
  2 two-headed ogres
  A boulder beetle (Lair:1)
  3 elephants (Lair:2)
  A black mamba (Lair:1)
  A gargoyle (D:8)
  A kobold demonologist (D:9)
  Jeremiah (D:6)
  Sigmund (D:2)
  11 yaks
  A wyvern (D:7)
  Eustachio (D:6)
  A vampire (D:10)
  A wraith (D:10)
  3 steam dragons
  5 water moccasins
  Duvessa (D:5)
  5 orc warriors
  A black bear (Lair:1)
  An ice beast (D:6)
  An ogre (D:5)
  4 wolves (Lair:1)
  2 centaurs
  A kobold brigand (D:8)
  8 bullfrogs
  2 gnoll sergeants
  2 scorpions (D:5)
  7 wights
  Dowan (D:5)
  4 killer bees (D:9)
  A howler monkey (D:8)
  A bombardier beetle (D:5)
  Crazy Yiuf (D:2)
  4 orc priests
  2 gnoll boudas (D:7)
  6 hounds
  Jessica (D:3)
  4 iguanas
  Ijyb (D:3)
  3 orc wizards
  21 gnolls
  10 adders
  A shadow imp (D:6)
  4 ufetubi (D:6)
  A ribbon worm (D:4)
  5 dart slugs
  13 orcs
  6 bats
  8 endoplasms
  7 giant cockroaches
  7 goblins
  4 hobgoblins
  4 jackals (D:5)
  5 quokkas
  8 ball pythons
  5 frilled lizards
  15 kobolds
  A rat (D:2)
223 creatures vanquished.

Vanquished Creatures (collateral kills)
  A two-headed ogre (D:8)
1 creature vanquished.

Vanquished Creatures (others)
  A dancing weapon (D:8)
1 creature vanquished.

Grand Total: 225 creatures vanquished

Notes
Turn   | Place    | Note
-------+----------+-------------------------------------------
     0 | D:1      | Ashen the Gnoll Enchanter began the quest for the Orb.
     0 | D:1      | Reached XP level 1. HP: 13/13 MP: 6/6
   108 | D:1      | Reached XP level 2. HP: 19/19 MP: 7/7
   276 | D:1      | Reached skill level 5 in Spellcasting
   276 | D:1      | Reached XP level 3. HP: 18/25 MP: 7/9
   279 | D:1      | Learned a level 2 spell: Ensorcelled Hibernation
   283 | D:1      | Learned a level 3 spell: Confusing Touch
   287 | D:1      | Learned a level 3 spell: Tukima's Dance
   291 | D:1      | Learned a level 3 spell: Dazzling Flash
   408 | D:1      | Reached skill level 6 in Stealth
   587 | D:1      | Reached skill level 1 in Invocations
   884 | D:2      | Reached skill level 1 in Fighting
   884 | D:2      | Reached skill level 1 in Long Blades
   884 | D:2      | Reached skill level 1 in Axes
   884 | D:2      | Reached skill level 1 in Maces & Flails
   884 | D:2      | Reached skill level 1 in Polearms
   884 | D:2      | Reached skill level 1 in Staves
   884 | D:2      | Reached skill level 1 in Ranged Weapons
   884 | D:2      | Reached skill level 1 in Throwing
   884 | D:2      | Reached skill level 1 in Armour
   884 | D:2      | Reached skill level 1 in Shields
   884 | D:2      | Reached skill level 1 in Unarmed Combat
   884 | D:2      | Reached skill level 1 in Evocations
   941 | D:2      | Reached skill level 1 in Shapeshifting
   941 | D:2      | Reached XP level 4. HP: 32/32 MP: 11/11
  1023 | D:2      | Noticed Sigmund
  1035 | D:2      | Killed Sigmund
  1036 | D:2      | Reached skill level 1 in Conjurations
  1036 | D:2      | Reached skill level 1 in Summonings
  1036 | D:2      | Reached skill level 1 in Necromancy
  1036 | D:2      | Reached skill level 1 in Translocations
  1036 | D:2      | Reached skill level 1 in Fire Magic
  1036 | D:2      | Reached skill level 1 in Ice Magic
  1036 | D:2      | Reached skill level 1 in Air Magic
  1036 | D:2      | Reached skill level 1 in Earth Magic
  1036 | D:2      | Reached skill level 1 in Alchemy
  1036 | D:2      | Reached XP level 5. HP: 38/38 MP: 5/12
  1098 | D:2      | Reached XP level 6. HP: 39/44 MP: 13/13
  1314 | D:2      | Found a glowing silver altar of Zin.
  1420 | D:2      | Found a runed translucent door.
  1421 | D:2      | Noticed Crazy Yiuf
  1497 | D:2      | Killed Crazy Yiuf
  1498 | D:2      | Reached skill level 5 in Dodging
  1636 | D:2      | Found a faded altar of an unknown god.
  1754 | D:3      | Noticed Jessica
  1761 | D:3      | Killed Jessica
  2108 | D:3      | Noticed Ijyb
  2114 | D:3      | Killed Ijyb
  2420 | D:4      | Identified the +1 ring mail of Weightlessness {rElec rCorr
                  | Str-5 Dex+7 SInv}
  2841 | D:5      | Entered Level 5 of the Dungeon
  2876 | D:5      | Reached XP level 7. HP: 50/50 MP: 12/15
  2954 | D:5      | Noticed Duvessa
  2957 | D:5      | Noticed Dowan
  2969 | D:5      | Killed Duvessa
  2975 | D:5      | Killed Dowan
  3062 | D:5      | Found a staircase to the Ecumenical Temple.
  3079 | Temple   | Entered the Ecumenical Temple
  3084 | Temple   | Became a worshipper of Uskayaw the Reveller
  3123 | D:5      | Reached * piety under Uskayaw
  3408 | D:5      | Reached ** piety under Uskayaw
  3410 | D:5      | Reached *** piety under Uskayaw
  3412 | D:5      | Reached **** piety under Uskayaw
  3424 | D:5      | Reached ***** piety under Uskayaw
  3425 | D:5      | Reached XP level 8. HP: 18/58 MP: 1/16
  4045 | D:6      | Noticed Jeremiah
  4182 | D:6      | Killed Jeremiah
  4183 | D:6      | Reached skill level 7 in Stealth
  4535 | D:6      | Noticed Eustachio
  4542 | D:6      | Killed Eustachio
  4543 | D:6      | Reached XP level 9. HP: 65/65 MP: 18/18
  4668 | D:6      | Reached skill level 5 in Short Blades
  5425 | D:7      | Noticed a two-headed ogre
  5437 | D:7      | Killed a two-headed ogre
  5438 | D:7      | Reached skill level 5 in Invocations
  5589 | D:7      | Reached skill level 5 in Fighting
  5589 | D:7      | Reached skill level 5 in Long Blades
  5589 | D:7      | Reached skill level 5 in Axes
  5589 | D:7      | Reached skill level 5 in Maces & Flails
  5589 | D:7      | Reached skill level 5 in Polearms
  5589 | D:7      | Reached skill level 5 in Staves
  5589 | D:7      | Reached skill level 5 in Ranged Weapons
  5589 | D:7      | Reached skill level 5 in Throwing
  5589 | D:7      | Reached skill level 5 in Armour
  5589 | D:7      | Reached skill level 5 in Shields
  5589 | D:7      | Reached skill level 5 in Unarmed Combat
  5589 | D:7      | Reached skill level 5 in Evocations
  5589 | D:7      | Reached XP level 10. HP: 48/74 MP: 10/20
  6046 | D:8      | Reached skill level 8 in Stealth
  6585 | D:8      | Noticed a two-headed ogre
  6608 | D:8      | Killed a two-headed ogre
  6609 | D:8      | Reached skill level 5 in Shapeshifting
  7168 | D:8      | Noticed a gargoyle
  7184 | D:8      | Killed a gargoyle
  7378 | D:8      | Found a staircase to the Lair.
  8040 | D:9      | Noticed a two-headed ogre
  8053 | D:9      | Killed a two-headed ogre
  8054 | D:9      | Reached skill level 5 in Conjurations
  8054 | D:9      | Reached skill level 5 in Summonings
  8054 | D:9      | Reached skill level 5 in Necromancy
  8054 | D:9      | Reached skill level 5 in Translocations
  8054 | D:9      | Reached skill level 5 in Fire Magic
  8054 | D:9      | Reached skill level 5 in Ice Magic
  8054 | D:9      | Reached skill level 5 in Air Magic
  8054 | D:9      | Reached skill level 5 in Earth Magic
  8054 | D:9      | Reached skill level 5 in Alchemy
  8054 | D:9      | Reached XP level 11. HP: 48/81 MP: 11/22
  8294 | D:10     | Entered Level 10 of the Dungeon
  8495 | D:10     | Found a staircase to the Orcish Mines.
  9028 | D:10     | Found an ornate altar of the Wu Jian Council.
  9948 | Lair:1   | Entered Level 1 of the Lair of Beasts
  9948 | Lair:1   | Noticed a boulder beetle
  9964 | Lair:1   | Killed a boulder beetle
 10158 | Lair:1   | Reached skill level 9 in Stealth
 10541 | Lair:1   | Found a snail-covered altar of Cheibriados.
 11221 | Lair:2   | HP: 2/83 [elephant (14)]
 11223 | Lair:2   | Slain by an elephant

Illustrated notes

Levels and vault maps discovered:
D:1:      dpeg_arrival_rooms_with_view, layout_rooms
D:2:      layout_loops_ring, shapermc_ecumenical_altar_flowoftime, basic_altar,
          uniq_sigmund, uniq_crazy_yiuf_cottage
D:3:      layout_rooms, uniq_jessica, uniq_ijyb
D:4:      layout_basic
D:5:      layout_cave_pods, minmay_temple_entry_wispy, grunt_ministairs_9,
          uniq_duvessa
D:6:      layout_basic, hangedman_abyss_or_decor_passed, minmay_circle_x,
          uniq_jeremiah, uniq_eustachio
D:7:      layout_cave_pools
D:8:      layout_loops_ring, lair_entry_dummy, st_stairs_13,
          nicolae_figureground_pulse
D:9:      layout_loops_ring, hangedman_decor_slide_cut
D:10:     layout_layer_cave, nzn_wu_jian_contemplation, orc_david_3,
          enter_bailey_2, due_unseen_surprise
Temple:   grunt_wide_crystal_templ
Lair:1:   layout_concentric_octagons, basic_altar,
          chequers_serial_rivers_micro_b, serial_bayou_shore_b
Lair:2:   mu_elephants_graveyard, layout_cave_pods,
          mainiacjoe_shoals_entry_four_pools, gauntlet_entry_generic,
          serial_bayou_shore_b, uniq_maggie

Skill      XL: |  1  2  3  4  5  6  7  8  9 10 11 |
---------------+----------------------------------+-----
Spellcasting   | 5 6 7 8 |  8.6
Stealth        | 6 7 8 9 |  9.2
Invocations    | 1 2 3 4 5 6 7 |  7.5
Fighting       | 1 2 3 4 5 6 |  6.9
Long Blades    | 1 2 3 4 5 6 |  6.9
Axes           | 1 2 3 4 5 6 |  6.9
Maces & Flails | 1 2 3 4 5 6 |  6.9
Polearms       | 1 2 3 4 5 6 |  6.9
Staves         | 1 2 3 4 5 6 |  6.9
Ranged Weapons | 1 2 3 4 5 6 |  6.9
Throwing       | 1 2 3 4 5 6 |  6.9
Armour         | 1 2 3 4 5 6 |  6.9
Shields        | 1 2 3 4 5 6 |  6.9
Unarmed Combat | 1 2 3 4 5 6 |  6.9
Evocations     | 1 2 3 4 5 6 |  6.9
Shapeshifting  | 1 2 3 4 5 6 |  6.2
Short Blades   | 3 4 5 6 7 |  7.4
Conjurations   | 1 2 3 4 5 |  5.7
Summonings     | 1 2 3 4 5 |  5.7
Necromancy     | 1 2 3 4 5 |  5.7
Translocations | 1 2 3 4 5 |  5.7
Fire Magic     | 1 2 3 4 5 |  5.7
Ice Magic      | 1 2 3 4 5 |  5.7
Air Magic      | 1 2 3 4 5 |  5.7
Earth Magic    | 1 2 3 4 5 |  5.7
Alchemy        | 1 2 3 4 5 |  5.7
Dodging        | 5 6 7 8 |  8.3
Hexes          | 6 7 8 |  8.0

Action                     |  1- 3 |  4- 6 |  7- 9 | 10-12 || total
---------------------------+-------+-------+-------+-------++-------
  Melee: Dagger            |   114 |   124 |   149 |   325 ||   712
         Bite              |     6 |    15 |    11 |    42 ||    74
         Punch             |       |     2 |     6 |       ||     8
  Throw: Dart              |       |       |       |     2 ||     2
   Cast: Ensorcelled Hiber |     9 |    13 |    50 |   102 ||   174
         Dazzling Flash    |       |       |     6 |    12 ||    18
         Confusing Touch   |       |       |     6 |    20 ||    26
         Tukima's Dance    |       |       |     2 |     3 ||     5
  Evoke: Wand              |       |       |     1 |     1 ||     2
    Use: Potion            |       |       |       |     1 ||     1
   Stab: Sleeping          |    16 |    24 |    38 |    53 ||   131
         Distracted        |     1 |       |       |       ||     1
         Paralysed         |       |       |    10 |     8 ||    18
         Confused          |       |       |     5 |    17 ||    22
         Invisible         |       |       |     1 |     4 ||     5
 Armour: Robe              |    50 |       |       |       ||    50
         Leather armour    |     2 |    28 |    94 |   173 ||   297
  Dodge: Dodged            |    83 |    58 |   159 |   266 ||   566
  Block: Buckler           |       |       |       |   133 ||   133
